AoeStats
← CrappyMike87

Fortress

509514295Analyzed
3v3 RM · 5d ago on Sep 27, 2026· 106m 38s· 6 players
Game mode
Random Map
Map size
Large (8 player)
Population
200
Speed
Normal
Resources
Standard
Victory
Conquest
Starting age
Dark Age
Ending age
Imperial Age
RankedLock teamsTeams togetherTeam positionsShared explorationLock speedFull tech treeHidden civsTurbo modeCheats
Victory
Defeat
🇨🇳 Burgundians · China
438
+17
🇺🇸 Spanish · United States
383
+19
🇹🇷 Khmer · Türkiye
315
+22
🇺🇸 Ethiopians · United States
466
-20
🇺🇸 Koreans · United States
441
-19
🇺🇸 Celts · United States
434
-19
aydinturkmen46
2:31 Loom
8:20 Feudal Age
8:43 Horse Collar
8:53 Double-Bit Axe
11:19 Wheelbarrow
19:15 Castle Age
18:24 Gold Mining
18:24 Stone Mining
21:21 Hand Cart
21:09 Heavy Plow
21:22 Bow Saw
23:15 Stone Shaft Mining
23:16 Gold Shaft Mining
24:18 Fervor
33:23 Imperial Age
32:25 Caravan
35:39 Scale Barding Armor
35:35 Scale Mail Armor
35:46 Forging
35:26 Fletching
35:37 Padded Archer Armor
38:42 Conscription
38:58 Hoardings
38:24 Tusk Swords
38:26 Double Crossbow
37:47 Elite Ballista Elephant
38:59 Ballistics
39:40 Chemistry
38:51 Fortified Wall
38:52 Masonry
42:52 Chain Barding Armor
42:47 Chain Mail Armor
43:08 Iron Casting
42:28 Bodkin Arrow
42:01 Elite Skirmisher
42:33 Pikeman
42:59 Arson
42:43 Crossbowman
46:01 Onager
46:07 Capped Ram
47:31 Plate Barding Armor
47:11 Leather Archer Armor
46:57 Bracer
47:58 Blast Furnace
47:38 Architecture
47:15 Murder Holes
49:00 Crop Rotation
48:52 Cavalier
49:33 Husbandry
49:43 Bloodlines
48:54 Light Cavalry
51:47 Hussar
56:28 Arbalester
57:48 Ring Archer Armor
christopherpark5588
0:36 Loom
10:15 Feudal Age
11:49 Double-Bit Axe
12:20 Horse Collar
16:34 Stone Mining
17:58 Gold Mining
19:24 Scale Barding Armor
19:29 Forging
21:22 Bloodlines
25:51 Castle Age
24:03 Scale Mail Armor
24:19 Padded Archer Armor
25:12 Scale Barding Armor
24:59 Fletching
25:56 Forging
26:56 Bow Saw
26:56 Caravan
27:57 Husbandry
27:18 Light Cavalry
33:18 Heavy Plow
34:08 Stone Shaft Mining
33:44 Herbal Medicine
34:01 Fervor
34:36 Fortified Wall
34:37 Masonry
35:46 Wheelbarrow
34:56 Town Watch
36:49 Sanctity
36:29 Devotion
36:44 Thumb Ring
37:02 Murder Holes
37:55 Ballistics
38:56 Atonement
39:46 Inquisition
40:58 Redemption
44:03 Imperial Age
41:52 Hand Cart
41:39 Town Patrol
41:59 Leather Archer Armor
42:11 Chain Mail Armor
43:48 Iron Casting
43:08 Bodkin Arrow
43:42 Chain Barding Armor
43:41 Bodkin Arrow
45:07 Cavalier
46:13 Conscription
46:30 Hoardings
45:27 Elite Conquistador
47:35 Two-Man Saw
47:58 Chemistry
48:49 Plate Barding Armor
49:14 Blast Furnace
48:46 Ring Archer Armor
49:49 Heresy
50:05 Theocracy
49:56 Illumination
49:47 Block Printing
49:29 Gambesons
49:32 Arson
49:47 Squires
49:08 Pikeman
50:01 Guard Tower
56:13 Supremacy
57:35 Architecture
58:05 Paladin
62:28 Faith
93:28 Arrowslits
zzr0125
7:47 Feudal Age
13:10 Stone Mining
13:07 Double-Bit Axe
13:06 Horse Collar
20:10 Castle Age
18:58 Bow Saw
18:56 Heavy Plow
20:53 Gold Mining
24:54 Crop Rotation
25:26 Two-Man Saw
25:05 Scale Barding Armor
25:11 Forging
28:22 Wheelbarrow
27:32 Loom
27:34 Town Watch
27:58 Arson
28:14 Squires
28:17 Husbandry
27:38 Cavalier
35:16 Imperial Age
33:04 Hand Cart
35:24 Gold Shaft Mining
35:29 Stone Shaft Mining
35:17 Burgundian Vineyards
36:45 Town Patrol
36:39 Paladin
39:11 Chain Barding Armor
39:27 Iron Casting
40:57 Plate Barding Armor
40:47 Conscription
40:00 Sappers
44:59 Blast Furnace
45:15 Scale Mail Armor
44:47 Man-at-Arms
45:25 Elite Coustillier
46:28 Caravan
46:47 Long Swordsman
48:16 Two-Handed Swordsman
53:34 Champion
62:51 Chain Mail Armor
62:37 Padded Archer Armor
62:28 Fletching
69:41 Pikeman
71:00 Fortified Wall
71:00 Masonry
71:12 Ballistics
71:53 Chemistry
70:47 Halberdier
83:30 Redemption
83:21 Atonement
83:31 Fervor
83:37 Block Printing
83:48 Illumination
83:18 Herbal Medicine
90:37 Guard Tower
90:33 Arrowslits
90:44 Murder Holes
90:29 Treadmill Crane
91:19 Architecture
91:00 Clinker Construction
91:01 Careening
90:56 Siphons
90:55 Devotion
91:16 Sanctity
90:34 Capped Ram
FredDaddy
0:44 Loom
9:10 Feudal Age
11:40 Horse Collar
13:32 Wheelbarrow
28:32 Double-Bit Axe
33:26 Castle Age
32:33 Gold Mining
32:38 Stone Mining
38:06 Imperial Age
37:53 Bow Saw
37:58 Caravan
38:38 Hand Cart
45:18 Heavy Plow
45:58 Gold Shaft Mining
46:01 Stone Shaft Mining
53:42 Onager
54:42 Furor Celtica
58:00 Pikeman
65:38 Stronghold
69:22 Halberdier
76:33 Siege Onager
79:05 Hoardings
78:53 Conscription
102:45 Man-at-Arms
102:51 Man-at-Arms
105:37 Long Swordsman
AgentVENM300
0:34 Loom
9:43 Feudal Age
11:17 Wheelbarrow
10:46 Horse Collar
10:59 Man-at-Arms
11:45 Arson
12:07 Double-Bit Axe
12:38 Town Watch
15:29 Stone Mining
15:31 Gold Mining
26:16 Castle Age
28:13 Heavy Plow
28:27 Bow Saw
28:31 Long Swordsman
28:32 Pikeman
29:15 Squires
28:41 Crossbowman
28:46 Elite Skirmisher
30:00 Caravan
30:32 Coinage
31:22 Gold Shaft Mining
31:24 Stone Shaft Mining
32:23 Hand Cart
32:10 Town Patrol
31:38 Light Cavalry
32:19 Husbandry
34:54 Eupseong
38:35 Fletching
39:23 Forging
39:14 Scale Mail Armor
39:27 Scale Barding Armor
39:52 Thumb Ring
41:00 Iron Casting
40:22 Bodkin Arrow
44:56 Imperial Age
44:06 Ballistics
44:17 Treadmill Crane
46:58 Two-Man Saw
46:34 Conscription
49:00 Chemistry
51:11 Elite War Wagon
52:37 Halberdier
52:39 Two-Handed Swordsman
54:27 Champion
57:34 Heavy Rocket Cart
58:40 Shinkichon
58:57 Elite Fire Lancer
59:25 Hussar
59:27 Cavalier
60:09 Arbalester
64:53 Heavy Cavalry Archer
80:52 Chain Barding Armor
81:39 Chain Mail Armor
CrappyMike87
9:48 Feudal Age
16:19 Castle Age
18:02 Loom
18:28 Double-Bit Axe
21:01 Wheelbarrow
21:09 Town Watch
28:14 Hand Cart
28:00 Town Patrol
28:46 Forging
28:42 Scale Barding Armor
28:44 Scale Mail Armor
35:14 Caravan
38:20 Imperial Age
36:10 Bow Saw
38:54 Squires
38:40 Arson
40:33 Conscription
41:03 Chain Mail Armor
41:25 Iron Casting
42:03 Halberdier
43:07 Onager
44:37 Gold Mining
44:38 Stone Mining
45:56 Two-Man Saw
46:07 Blast Furnace
45:38 Plate Mail Armor
45:28 Chain Barding Armor
45:00 Fletching
45:10 Padded Archer Armor
44:36 Man-at-Arms
45:21 Torsion Engines
45:23 Royal Heirs
45:34 Heated Shot
47:20 Capped Ram
47:29 Siege Onager
49:18 Husbandry
52:06 Siege Ram
56:02 Masonry
56:03 Fortified Wall
56:54 Chemistry
66:05 Heavy Scorpion
78:47 Horse Collar
79:28 Heavy Plow
Connection lost

Rejoining the realm…

Still unreachable

The connection could not be restored.

Session expired

The server has moved on; the page needs a fresh start.